 Dungeon Sprint DCSS version 0.30-a0-852-g08b95dd62f (webtiles) character file.

Game seed: 6660168946101004291

7079 dialectric the Bludgeoner (level 11, -1/79 HPs)
             Began as a Gargoyle Fighter on Mar 4, 2023.
             Was a High Priest of Trog.
             Slain by a red devil
             ... wielding a +0 demon trident
             ... summoned by a kobold demonologist
              (7 damage)
             ... in the Dungeon (Sprint II: "The Violet Keep of Menkaure").
             The game lasted 00:05:29 (789 turns).

dialectric the Bludgeoner (Gargoyle Fighter)         Turns: 789, Time: 00:05:30

Health: -1/79      AC: 36    Str: 34    XL:     11   Next: 9%
Magic:  11/11      EV: 10    Int:  9    God:    Trog [*****.]
Gold:   246        SH:  0    Dex: 14    Spells: 10/10 levels left

rFire   . . .      SeeInvis .    y - +8 mace "Tormentor" {freeze, Will++ Str+3 Dex+3}
rCold   . . .      Faith    .    (no shield)
rNeg    + . .      Spirit   .    z - +9 plate armour "Wesecwofa" {rPois rCorr Str+3}
rPois   ∞          Reflect  .    j - +0 helmet
rElec   +          Rampage  .    (no cloak)
rCorr   +          NoTele   +    o - +1 pair of gloves
Will    ++...                    (no boots) Stlth
                                 (no amulet)
HPRegen 0.33/turn                r - +6 ring of strength
MPRegen 0.12/turn                (no ring)

@: spiked, on berserk cooldown, slowed, very slow
A: sickness immunity, AC +8, negative energy resistance 1, electricity
resistance, torment resistance 1, petrification resistance
a: Renounce Religion, Berserk, Trog's Hand, Brothers in Arms


You were in the Dungeon.
You worshipped Trog.
Trog was extremely pleased with you.
You visited 1 branch You collected 979 gold pieces.
You spent 733 gold pieces at shops.

Inventory:

Hand Weapons
 a - a +0 flail
 y - the +8 mace "Tormentor" (weapon) {freeze, Will++ Str+3 Dex+3}
   (You bought it in a shop in the Dungeon)

   Str:       It affects your strength (+3).
   Dex:       It affects your dexterity (+3).
   Will:      It greatly increases your willpower.
Missiles
 l - 4 javelins (quivered)
Armour
 b - a +0 scale mail
 c - a +0 buckler
 j - a +0 helmet (worn)
 o - a +1 pair of gloves (worn)
 z - the +9 plate armour "Wesecwofa" (worn) {rPois rCorr Str+3}
   (You bought it in a shop in the Dungeon)

   Str:       It affects your strength (+3).
   rPois:     It protects you from poison.
   rCorr:     It protects you from acid and corrosion.
Jewellery
 r - a +6 ring of strength (left hand)
 u - a ring of willpower
Scrolls
 k - a scroll of torment {unknown}
 m - 8 scrolls of identify {unknown}
 s - a scroll of amnesia
 t - a scroll of enchant armour {unknown}
 w - a scroll of magic mapping {unknown}
 x - a scroll of acquirement {unknown}
 A - a scroll of blinking
Potions
 d - 2 potions of mutation {unknown}
 e - a potion of might
 f - a potion of heal wounds
 g - a potion of haste
 h - 5 potions of magic
 i - a potion of berserk rage
 n - a potion of curing
 p - 5 potions of flight
 q - 3 potions of resistance {unknown}
 v - 3 potions of lignification {unknown}


   Skills:
 + Level 13.7 Fighting
 * Level 19.4 Maces & Flails
 + Level 12.6 Armour
 - Level 5.0 Dodging
 + Level 3.2 Shields


You had 10 spell levels left.
You didn't know any spells.
Your spell library was empty.

Dungeon Overview and Level Annotations

Branches:
Dungeon (1/1)

Altars:
Cheibriados
Dithmenos
Elyvilon
Fedhas
Gozag
Hepliaklqana
Kikubaaqudgha
Makhleb
Nemelex Xobeh
Okawaru
Qazlal
Ru
Sif Muna
Trog
Uskayaw
Vehumet
Wu Jian
Xom
Yredelemnul
Zin
The Shining One
Jiyva
Lugonu

Shops:
D ?(:[==(*:?=[(!!

Annotations:
D exclusion: oklob plant


Innate Abilities, Weirdness & Mutations

You are immune to sickness and miasma.
Your stone body is resilient. (AC +8)
You are immune to poison.
You resist negative energy. (rN+)
You are resistant to electric shocks. (rElec)
You are resistant to unholy torment.
You are immune to petrification.


Message History

The iron imp shouts, "Return whence thou came, thou pribbling fool-born lout!"
The iron imp disappears in a puff of smoke!
The hell hog bites you but does no damage.
The kobold demonologist mumbles some strange words.
The elephant tramples you but does no damage.
The elephant trunk-slaps you but does no damage.
The shadow imp hits you but does no damage.
You see here a +0 glaive.
You hit the kobold demonologist. You freeze the kobold demonologist.
The kobold demonologist is lightly wounded.
The hell hog bites you but does no damage.
You bludgeon the kobold demonologist!! You freeze the kobold demonologist!
The kobold demonologist is almost dead.
You are no longer berserk.
You are exhausted.
You feel yourself slow down.
The kobold demonologist barely misses you.
The elephant tramples you but does no damage.
The elephant trunk-slaps you but does no damage.
The hell hog bites you but does no damage.
The shadow imp hits you but does no damage.
You hit the kobold demonologist but do no damage.
The kobold demonologist is almost dead.
The red devil hits you with a +0 demon trident!
* * * LOW HITPOINT WARNING * * *
Barbed spikes become lodged in your body.
The hell hog bites you but does no damage.
The kobold demonologist hits you but does no damage.
The elephant barely misses you. x2
The red devil hits you but does no damage.
You hit the kobold demonologist. You freeze the kobold demonologist.
The kobold demonologist is almost dead.
The hell hog bites you!
* * * LOW HITPOINT WARNING * * *
The kobold demonologist hits you but does no damage.
The elephant tramples you but does no damage.
The elephant closely misses you. The hell hog closely misses you.
The crimson imp blinks!
The red devil hits you with a +0 demon trident!
You die...

## ####+#### .+
##§°≈≈≈≈≈##
§###≈≈≈≈°°≈°≈##
####h.+≈≈≈≈○≈≈≈≈≈≈##
#55@####≈§§S≈○§§≈
#§YK4.~## ≈§≈≈§
############5~#+++#+++##
###########~~~.........#
##.......∩#~~~~.##'##..#
##∩.....∩.#~~~~###.###.###
##.∩...∩.∩#~~~~#..#..#....
##∩.∩.∩.∩.#~~####.#.####..
##.∩...∩..#~##.###'###.##.


You could see an elephant, a hell hog, a kobold demonologist, a red devil
(summoned), an iron imp (summoned), a crimson imp (summoned) and a shadow imp
(summoned).

Vanquished Creatures
  Kirke (D)
  A crystal guardian (D)
  A yaktaur captain (D)
  A centaur warrior (D)
  A hell hog (D)
  A skeletal warrior (D)
  2 death drakes (D)
  A merfolk siren (D)
  A yaktaur (D)
  A hornet (D)
  3 polar bears (D)
  Menkaure (D)
  2 water moccasins (D)
  2 swamp drakes (D)
  4 necrophages (D)
  4 scorpions (D)
  A hell rat (D)
28 creatures vanquished.

Vanquished Creatures (others)
  8 tentacles (D)
8 creatures vanquished.

Grand Total: 36 creatures vanquished

Notes
Turn   | Place    | Note
-------+----------+-------------------------------------------
     0 | D        | dialectric the Gargoyle Fighter began the quest for the
                  | Orb.
     0 | D        | Reached XP level 1. HP: 14/14 MP: 1/1
     8 | D        | Noticed a necrophage
     8 | D        | Noticed a necrophage
     8 | D        | Noticed a necrophage
     8 | D        | Noticed a necrophage
    15 | D        | Killed a necrophage
    16 | D        | Reached skill level 5 in Fighting
    16 | D        | Reached skill level 3 in Maces & Flails
    16 | D        | Reached skill level 5 in Armour
    16 | D        | Reached XP level 2. HP: 22/22 MP: 2/2
    16 | D        | Reached XP level 3. HP: 27/27 MP: 3/3
    16 | D        | Reached XP level 4. HP: 32/32 MP: 4/4
    19 | D        | Killed a necrophage
    20 | D        | Reached skill level 4 in Maces & Flails
    20 | D        | Reached XP level 5. HP: 37/37 MP: 5/5
    25 | D        | Reached skill level 5 in Maces & Flails
    31 | D        | Reached XP level 6. HP: 36/44 MP: 6/6
    33 | D        | Noticed a merfolk siren
    42 | D        | Killed a merfolk siren
    43 | D        | Reached skill level 8 in Maces & Flails
    43 | D        | Reached XP level 7. HP: 35/52 MP: 7/7
    46 | D        | Noticed a boulder beetle
    46 | D        | Noticed a boulder beetle
    63 | D        | Reached skill level 9 in Maces & Flails
    75 | D        | Reached skill level 10 in Fighting
    75 | D        | Reached skill level 10 in Armour
    86 | D        | Reached skill level 10 in Maces & Flails
   106 | D        | Reached XP level 8. HP: 26/58 MP: 8/8
   116 | D        | Found an iron altar of Okawaru.
   116 | D        | Found an opulent altar of Gozag.
   116 | D        | Noticed Menkaure
   124 | D        | Found a sparkling altar of Nemelex Xobeh.
   124 | D        | Found a blossoming altar of Fedhas.
   126 | D        | Killed Menkaure
   127 | D        | Found a radiant altar of Vehumet.
   127 | D        | Found a burning altar of Makhleb.
   127 | D        | Found a white marble altar of Elyvilon.
   128 | D        | Found a hide-covered altar of Uskayaw.
   128 | D        | Found a corrupted altar of Lugonu.
   128 | D        | Found a shadowy altar of Dithmenos.
   129 | D        | Found a glowing silver altar of Zin.
   129 | D        | Found a bloodstained altar of Trog.
   129 | D        | Found an ancient bone altar of Kikubaaqudgha.
   130 | D        | Found a basalt altar of Yredelemnul.
   130 | D        | Found a shimmering blue altar of Sif Muna.
   130 | D        | Found a viscous altar of Jiyva.
   131 | D        | Found a shimmering altar of Xom.
   131 | D        | Found a sacrificial altar of Ru.
   133 | D        | Found a glowing golden altar of the Shining One.
   133 | D        | Found an ornate altar of the Wu Jian Council.
   133 | D        | Found a stormy altar of Qazlal.
   133 | D        | Found a snail-covered altar of Cheibriados.
   133 | D        | Found a hazy altar of Hepliaklqana.
   138 | D        | Became a worshipper of Trog the Wrathful
   150 | D        | Noticed a kraken
   278 | D        | Noticed a yaktaur
   278 | D        | Noticed a hornet
   278 | D        | Noticed a polar bear
   278 | D        | Noticed a polar bear
   279 | D        | Noticed a polar bear
   305 | D        | Found Laumofee's Book Emporium.
   305 | D        | Found Ocvyfomoa's Jewellery Emporium.
   305 | D        | Found Uvupt's Weapon Emporium.
   305 | D        | Found Giryc's Assorted Antiques.
   305 | D        | Found Keur's Distillery.
   305 | D        | Found Ganopoip's Magic Scroll Shoppe.
   305 | D        | Found Jierafeg's Antique Armour Shoppe.
   305 | D        | Found Weneas's Distillery.
   306 | D        | Found Etapy's Antique Weapon Shoppe.
   306 | D        | Found Birastrewk's Jewellery Emporium.
   306 | D        | Noticed a wyvern
   307 | D        | Noticed a wyvern
   316 | D        | Found Unekk's Jewellery Emporium.
   316 | D        | Found Maynyod's Antique Armour Shoppe.
   316 | D        | Noticed an oklob plant
   316 | D        | Noticed a wyvern
   317 | D        | Found Vusenuej's Antique Weapon Shoppe.
   317 | D        | Found Myujoxza's Book Shoppe.
   317 | D        | Found Iteosich's Magic Scroll Emporium.
   319 | D        | Noticed a wyvern
   343 | D        | Noticed a wyvern
   444 | D        | Bought an encrusted mace for 160 gold pieces
   444 | D        | Identified the +8 mace "Tormentor" {freeze, Will++ Str+3
                  | Dex+3} (You bought it in a shop in the Dungeon)
   445 | D        | Noticed a fire dragon
   448 | D        | Bought a pitted plate armour for 448 gold pieces
   448 | D        | Identified the +9 plate armour "Wesecwofa" {rPois rCorr
                  | Str+3} (You bought it in a shop in the Dungeon)
   463 | D        | Bought a scroll of blinking for 75 gold pieces
   472 | D        | Bought a potion of heal wounds for 50 gold pieces
   521 | D        | Killed a polar bear
   522 | D        | Reached skill level 11 in Maces & Flails
   526 | D        | Killed a yaktaur
   526 | D        | Reached * piety under Trog
   527 | D        | Reached skill level 12 in Maces & Flails
   586 | D        | Killed a hornet
   595 | D        | Killed a polar bear
   596 | D        | Reached skill level 13 in Maces & Flails
   596 | D        | Reached XP level 9. HP: 43/64 MP: 9/9
   601 | D        | Killed a polar bear
   601 | D        | Reached ** piety under Trog
   630 | D        | Noticed a death drake
   630 | D        | Noticed a crystal guardian
   652 | D        | Killed a death drake
   653 | D        | Reached skill level 14 in Maces & Flails
   653 | D        | Reached skill level 5 in Dodging
   655 | D        | Reached skill level 15 in Maces & Flails
   660 | D        | Noticed a death drake
   674 | D        | Killed a crystal guardian
   675 | D        | Reached skill level 16 in Maces & Flails
   678 | D        | Reached *** piety under Trog
   679 | D        | Reached XP level 10. HP: 71/71 MP: 10/10
   689 | D        | Killed a death drake
   708 | D        | Noticed an iron elemental
   755 | D        | Noticed an elephant
   755 | D        | Noticed a centaur warrior
   755 | D        | Noticed Kirke
   755 | D        | Noticed a yaktaur captain
   755 | D        | Noticed a kobold demonologist
   755 | D        | Noticed a skeletal warrior
   756 | D        | Noticed a sphinx
   762 | D        | Killed Kirke
   763 | D        | Reached skill level 17 in Maces & Flails
   768 | D        | Killed a yaktaur captain
   768 | D        | Reached **** piety under Trog
   769 | D        | Reached skill level 18 in Maces & Flails
   773 | D        | Killed a centaur warrior
   781 | D        | Killed a skeletal warrior
   781 | D        | Noticed a hell hog
   782 | D        | Reached skill level 19 in Maces & Flails
   782 | D        | Reached XP level 11. HP: 41/78 MP: 11/11
   784 | D        | Killed a hell hog
   784 | D        | Reached ***** piety under Trog
   785 | D        | Noticed a hell hog
   789 | D        | Slain by a red devil

Illustrated notes

Levels and vault maps discovered:
D:        the_violet_keep_of_menkaure [sprint2_stairs_cluster_1,
          sprint2_shoproom, sprint2_temple, sprint2_basic_supplies,
          sprint2_obstacle_2, sprint2_obstacle_3, sprint2_obstacle_5,
          sprint2_obstacle_6, sprint2_obstacle_4, sprint2_timed_cluster_1,
          sprint2_smallroom_cluster_1, sprint2_smallroom_final_cluster_1,
          sprint2_transparent_cluster_1, sprint2_second_timed_cluster_1,
          sprint2_sniper_area_1, sprint2_heavy_combat_area_1,
          sprint2_mutation_trap_area_1, sprint2_forest_area_1,
          sprint2_light_combat_area_1, sprint2_behind_water_1,
          sprint2_near_end_vault_1]

Skill      XL: |  1  2  3  4  5  6  7  8  9 10 |
---------------+-------------------------------+-----
Fighting       | 5 6 8 9 10 11 12 13 | 13.7
Maces & Flails | 3 4 5 8 10 13 16 19 | 19.4
Armour         | 5 6 8 9 10 11 12 | 12.6
Dodging        | 2 3 4 5 |  5.0
Shields        | |  3.2

Action                     |  1- 3 |  4- 6 |  7- 9 | 10-12 || total
---------------------------+-------+-------+-------+-------++-------
  Melee: Flail             |     6 |    22 |    65 |       ||    93
         Punch             |       |       |     4 |       ||     4
         Mace              |       |       |    51 |    36 ||    87
 Invoke: Berserk           |       |       |     1 |     1 ||     2
    Use: Potion            |     1 |       |     3 |     1 ||     5
         Scroll            |       |       |     2 |       ||     2
 Armour: Scale mail        |     3 |     6 |    27 |       ||    36
         Plate armour      |       |       |    49 |    29 ||    78
  Dodge: Dodged            |     3 |     6 |    58 |    14 ||    81

Table legend: (Time is in decaauts)
 A = Elapsed time spent in this place.
 B = Non-inter-level travel time spent in this place.
 C = Inter-level travel time spent in this place.
 D = Time resting spent in this place.
 E = Time spent auto-exploring this place.
 F = Levels seen in this place.
 G = Mean time per level.
                   A        B        C        D        E       F      G
               +--------+--------+--------+--------+--------+-----+--------+
         Total |    789 |    789 |      0 |     49 |     93 |   1 |  789.0 |
       Dungeon |    789 |    789 |      0 |     49 |     93 |   1 |  789.0 |
               +--------+--------+--------+--------+--------+-----+--------+

Top non-repeatable levels by time:
       D: 789 daAuts
